 Dungeon Sprint DCSS version 0.17.2-1-ge4368a0 (webtiles) character file.

141 mopl the Covert (level 5, 25/25 HPs)
             Began as a Spriggan Assassin on Aug 22, 2016.
             Quit the game in the Dungeon (Sprint III: "The Ten Rune Challenge").
             The game lasted 00:00:56 (233 turns).

mopl the Covert (Spriggan Assassin)                  Turns: 233, Time: 00:00:56

Health: 25/25      AC:  3    Str:  7    XL:     5   Next: 3%
Magic:  5/5        EV: 17    Int: 10    God:
Gold:   21         SH:  0    Dex: 19    Spells: 0 memorised, 4 levels left

rFire  . . .     SeeInvis +     a - +2 dagger
rCold  . . .     Clarity  .     c - +0 robe
rNeg   . . .     SustAt   .     (shield restricted)
rPois  .         Gourm    .     (helmet restricted)
rElec  .         Spirit   .     d - +0 cloak
rCorr  .         Warding  .     (gloves unavailable)
rMut   .         NoTele   +     (boots unavailable)
MR     .....                    (no amulet)
Stlth  +++++.....               (no ring)
                                (no ring)

@: very quick, not resistant to hostile enchantments, quite stealthy
A: unfitting armour, hooves 1, see invisible, dopey 1, herbivore 3, speed 3, low
mp 1, slow metabolism 2
a: no special abilities


You were in the Dungeon.
You were not hungry.

You visited 1 branch You collected 21 gold pieces.

Inventory:

Hand Weapons
 a - a +2 dagger (weapon)
 b - a +0 blowgun
Missiles
 e - 8 poisoned needles
 n - a curare-tipped needle
Armour
 c - a +0 robe (worn)
 d - a +0 cloak (worn)
Wands
 f - a wand of slowing (15)
Scrolls
 m - a scroll of blinking
 o - a scroll of holy word {unknown}
 p - 3 scrolls of identify
 q - 2 scrolls of remove curse {unknown}
 u - a scroll of immolation {unknown}
Potions
 h - a potion of curing
 i - a potion of heal wounds
 j - a potion of haste
 k - 3 potions of magic
 s - a potion of cure mutation {unknown}
 t - 3 potions of flight
Comestibles
 g - a bread ration
 r - 3 fruits
 v - a royal jelly


   Skills:
 - Level 1.5 Fighting
 - Level 2.1 Short Blades
 * Level 8.5 Throwing
 - Level 1.5 Dodging
 + Level 10.6 Stealth


You had 4 spell levels left.
You didn't know any spells.

Dungeon Overview and Level Annotations

Branches:
Dungeon (1/1)

Altars:
Okawaru
Trog


Innate Abilities, Weirdness & Mutations

You are tiny and cannot use many weapons and most armour.
You have supernaturally acute eyesight.
You are a herbivore.
You cover ground extremely quickly.
You need consume almost no food.
You have large cloven feet.
You are dopey. (Int -2)
Your magical capacity is low (-10% MP).


Message History

The helpless water elemental fails to defend itself.
You stick the water elemental like a pincushion!!!
You destroy the water elemental!
Your Throwing skill increases to level 8!
Your Stealth skill increases to level 10!
You have reached level 5!
You feel agile.
There is a fountain of clear blue water here.
You open the door.
Found an iron altar of Okawaru. 2 humans come into view.
Found a hunting sling and a pair of boots.
Found a bloodstained altar of Trog.
There is an open door here.
The human shouts! x2
You hit the human but do no damage.
The human drinks a potion.
The human goes berserk!
The human drinks a potion.
The human seems to grow stronger.
Unknown command.
Are you sure you want to abandon this character and quit the game? (Confirm with "yes".)

▓▓▓▓▓ ▓▓▓ ....♣ ♣.#
##### ...♣♣♣ ♣♣.#
#__p# .....♣ ..# #.@p#
...≈♣♣♣♣♣.###+#'###+##
..≈≈♣♣.♣..#..........#
.≈≈≈≈♣.♣♣.'.⌠........#
.≈≈≈≈≈≈♣♣.#...######+#
≈≈≈≈≈≈....#.⌠.#
≈≈≈≈≈.....#...#
≈≈≈.......#+###
..........#


You could see 2 humans.

Vanquished Creatures
  A water elemental (D)
  A wolf (D)
  Jessica (D)
  A human (D)
  2 oozes (D)
  A rat (D)
7 creatures vanquished.

Vanquished Creatures (others)
  2 draconian scorchers (D)
  A yaktaur (D)
  A plant (D)
4 creatures vanquished.

Grand Total: 11 creatures vanquished

Notes
Turn   | Place    | Note
--------------------------------------------------------------
     0 | D        | mopl the Spriggan Assassin began the quest for the Orb.
     0 | D        | Reached XP level 1. HP: 10/10 MP: 2/2
     4 | D        | Reached skill level 3 in Throwing
     4 | D        | Reached skill level 6 in Stealth
     8 | D        | Reached skill level 4 in Throwing
     8 | D        | Reached XP level 2. HP: 14/14 MP: 3/3
    12 | D        | Noticed Jessica
    26 | D        | Killed Jessica
    26 | D        | Reached skill level 5 in Throwing
    26 | D        | Reached skill level 8 in Stealth
    26 | D        | Reached XP level 3. HP: 14/18 MP: 4/4
    46 | D        | Killed a yaktaur
    90 | D        | Noticed a wolf
   114 | D        | Killed a wolf
   114 | D        | Reached skill level 6 in Throwing
   114 | D        | Reached skill level 9 in Stealth
   123 | D        | Reached skill level 7 in Throwing
   123 | D        | Reached XP level 4. HP: 22/22 MP: 5/5
   126 | D        | Killed a white draconian scorcher
   145 | D        | Gained mutation: You have large cloven feet. [potion of mutation]
   145 | D        | Gained mutation: You have a pair of small antennae on your head. [potion of mutation]
   146 | D        | Gained mutation: Your magical capacity is low (-10% MP). [potion of mutation]
   146 | D        | Lost mutation: You have a pair of small antennae on your head. [potion of mutation]
   146 | D        | Gained mutation: You are dopey. (Int -2) [potion of mutation]
   149 | D        | Killed a white draconian scorcher
   221 | D        | Noticed a water elemental
   223 | D        | Killed a water elemental
   223 | D        | Reached skill level 8 in Throwing
   223 | D        | Reached skill level 10 in Stealth
   223 | D        | Reached XP level 5. HP: 25/25 MP: 5/5
   229 | D        | Found an iron altar of Okawaru.
   230 | D        | Found a bloodstained altar of Trog.
   230 | D        | Noticed a human
   230 | D        | Noticed a human
   233 | D        | Quit the game

Action                   |  1- 3 |  4- 6 || total
-------------------------+-------+-------++-------
Melee: Dagger            |    28 |     2 ||    30
 Fire: Blowgun           |     6 |       ||     6
  Use: Potion            |     1 |     2 ||     3
 Stab: Sleeping          |     1 |     1 ||     2
